[Event "7th Sharjah Masters 2024"]
[Site "Sharjah"]
[Date "2024.05.16"]
[Round "3.1"]
[White "Tabatabaei, M. Amin"]
[Black "Murzin, Volodar"]
[Result "1/2-1/2"]
[ECO "D61"]
[WhiteElo "2707"]
[BlackElo "2634"]
[Annotator "TA"]
[PlyCount "102"]
[EventDate "2024.05.13"]
[EventType "swiss"]
[EventCountry "UAE"]
[SourceTitle "playchess.com"]
[Source "ChessBase"]
[SourceQuality "1"]
[TimeControl "5400+30"]

1. d4 d5 2. c4 c6 3. Nf3 Nf6 4. Nc3 e6 5. Bg5 Nbd7 6. e3 Be7 7. Qc2 h6 8. Bh4 O-O 9. Rg1 (9. Be2 $11) 9... Ne4 10. Bxe7 Qxe7 11. O-O-O f5 (11... Nxc3 $142 12. Qxc3 dxc4) 12. Kb1 $11 a6 13. g3 b5 14. Nh4 Qb4 (14... dxc4 $2 15. Nxe4 fxe4 16. Ng6 $18) (14... bxc4 15. Ng6 Qf6 16. Nxf8 Nxc3+ 17. Qxc3) (14... Kh7 $11 {should be considered.}) 15. Nxe4 fxe4 16. cxd5 exd5 17. g4 (17. Qxc6 Rxf2 18. Qxd5+ (18. Qxa8 $2 Qxb2#) 18... Kh8 $11) 17... Rf6 18. Nf5 (18. Rg3 $14) 18... Nb6 $15 19. Ng3 Qf8 20. Rd2 Nc4 (20... Bxg4 21. Nxe4 Rg6 22. Ng3 $11) 21. Bxc4 bxc4 22. Nh5 Rf3 23. g5 Qf7 24. g6 $1 (24. Nf4 $2 Rxf4 25. gxh6 (25. exf4 $2 e3 $19) 25... Rg4 26. Rxg4 Bxg4 $19) 24... Qf8 25. Ka1 a5 26. b3 {[%emt 0:02:14] [#]} Ba6 27. Rb1 Qd6 28. bxc4 $1 Qxg6 29. Nf4 {[%emt 0:00:21] [#]} Rxf4 30. exf4 Bxc4 {[%emt 0:00:02] And now ...Bd3 would win.} 31. Qc3 {[%emt 0:01:10] White is weak on the light squares} Qf6 (31... Re8 $1 $15) 32. f3 $11 Re8 {[%emt 0:00:07] Strongly threatening ...e3.} 33. Re1 {[%emt 0:01:17] aiming for fxe4.} Qf7 34. fxe4 dxe4 35. Rg2 Bd5 36. Qe3 ({Reject} 36. Qxa5 Qxf4 (36... e3 37. Rge2 $11) 37. Qc3 (37. Reg1 g5 $17) 37... Qf6 $17 (37... e3 38. Rge2 $11)) 36... Kh7 37. Reg1 {[%emt 0:00:38] Hoping for Rxg7+.} Rg8 38. h4 Qf6 39. h5 c5 40. Rg6 Qxd4+ 41. Qxd4 cxd4 {[%emt 0:00:02][%mdl 4096] Endgame. KRR-KRB} 42. Rd6 Bf7 43. Rxd4 Re8 44. Ra4 Bxh5 45. Rxa5 Bf7 46. a4 {[%emt 0:00:16] Black must now prevent Rf5.} e3 47. Re5 (47. Kb2 $14 {feels stronger.}) 47... g5 $1 {[%emt 0:01:33] The position is equal.} 48. Re1 gxf4 49. Rf5 Re4 50. Rxf7+ Kg6 51. Rf8 Kg7 {[%emt 0:00:04] Weighted Error Value: White=0.12 (very precise) /Black=0.10 (very precise) .  Mistake:       	White=2     	Black=3      Inaccurate:     	White=2     	Black=4      OK:         	White=18    	Black=15     Best:        	White=3     	Black=4      Strong:       	White=2     	Black=1      Brilliant:      	---       	Black=1} 1/2-1/2

[Event "7th Sharjah Masters 2024"]
[Site "Sharjah"]
[Date "2024.05.16"]
[Round "3.2"]
[White "Fedoseev, Vladimir"]
[Black "Salem, A.R. Saleh"]
[Result "0-1"]
[ECO "E60"]
[WhiteElo "2702"]
[BlackElo "2629"]
[Annotator "TA"]
[PlyCount "60"]
[EventDate "2024.05.13"]
[EventType "swiss"]
[EventCountry "UAE"]
[SourceTitle "playchess.com"]
[Source "ChessBase"]
[SourceQuality "1"]
[TimeControl "5400+30"]

1. d4 Nf6 2. c4 g6 3. h4 d6 4. Nc3 Nbd7 5. Qc2 c5 6. d5 a6 7. e4 b5 8. cxb5 {[%emt 0:00:31] White is better.} Bg7 9. bxa6 (9. a4 $16) 9... O-O $11 10. h5 Nxh5 11. g4 Nhf6 12. g5 Nh5 13. Be2 $1 Bxa6 14. Bxh5 gxh5 15. f4 {[%emt 0:00:00] Wards off Ne5} e6 16. Nge2 Qe8 17. dxe6 fxe6 18. Ng3 Ne5 19. fxe5 $14 Bxe5 20. Qg2 Rb8 (20... h4 $1 $14 21. Rxh4 Ra7) 21. Nxh5 $16 Qg6 {[%emt 0:00:26] Inhibits Nf6+.} 22. Be3 {[%emt 0:00:00] Hoping for 0-0-0.} d5 23. O-O-O (23. Bxc5 $6 Bxc3+ (23... Rxb2 24. Qxb2 Bxc3+ 25. Qxc3 $19) (23... Rfc8 $2 24. Na4 $18) 24. bxc3 Rb2 $11) 23... d4 {[%emt 0:00:37] [#]} 24. Rdg1 (24. Bd2 Bd3 25. Na4 Bxe4 $11) (24. Qh3 $1 $16 dxc3 25. b3) 24... dxc3 (24... dxe3 $11 {remains equal.} 25. Nf6+ Rxf6 (25... Bxf6 26. gxf6 Qxg2 27. Rxg2+ Kf7 28. e5 $16) 26. gxf6 Qxg2 27. Rxg2+ Kf7) 25. b3 $1 Bd3 26. Qh3 $2 {[%emt 0:00:00] [#]} (26. Nf6+ $1 $16 {is forced if you want to stay better.} Bxf6 27. gxf6 Qxg2 (27... Rxf6 $2 28. Qh2 $18) 28. Rxg2+ Kf7 29. Rxh7+ (29. Bxc5 Bxe4 30. Bxf8 Rxf8 $11) 29... Kxf6 30. Bxc5 Bxe4 31. Bxf8 Bxg2 32. Bg7+ Kg6 33. Rh2 Kxg7 34. Rxg2+ Kf6 35. Kc2) 26... Rxb3 $3 $17 {[%emt 0:05:03][%mdl 512] Black is much more active.} 27. axb3 {[%emt 0:00:00] [#]} Ra8 $1 $40 {[%emt 0:00:06][%cal Ra8a1][%mdl 128] Black has strong attack. The board is on fire.} 28. Kd1 $2 {[%emt 0:00:00][%mdl 8192] [#]} (28. Bxc5 $2 Ra1#) (28. Nf6+ $17 Bxf6 29. Qxe6+ (29. Qxh7+ {leads to mate.} Qxh7 30. gxf6+ Kf8 31. Kd1 Ra1+ 32. Bc1 Qxe4 33. Rh8+ Kf7) 29... Qf7 30. gxf6+ (30. Qxf6 $2 Ra1#) (30. Qxf7+ $2 Kxf7 31. Kd1 Bd4 $19) 30... Kh8 31. Qc8+ (31. Qxf7 $2 Ra1#) (31. Rxh7+ {gets mated.} Qxh7) 31... Rxc8 32. Rg7 Qxg7 (32... Qxb3 33. Rhxh7#) 33. fxg7+ Kg8 34. Rh5) 28... Qxh5+ $3 29. Qxh5 (29. Rg4 Ra1+) 29... Ra1+ 30. Bc1 {[%emt 0:00:00] [#]} Rxc1+ $1 {[%emt 0:00:05][%mdl 33280] Weighted Error Value: White=0.38/Black=0.14 (very precise) .  Loses game:     	White=1     	---        Mistake:       	White=3     	Black=4      Inaccurate:     	White=1     	Black=2      OK:         	White=9     	Black=8      Best:        	White=5     	Black=2      Strong:       	White=2     	Black=1      Brilliant:      	---       	Black=1     . Loss on time!?} 0-1

[Event "7th Sharjah Masters 2024"]
[Site "Sharjah"]
[Date "2024.05.16"]
[Round "3.3"]
[White "Niemann, Hans Moke"]
[Black "Theodorou, Nikolas"]
[Result "1-0"]
[ECO "C60"]
[WhiteElo "2689"]
[BlackElo "2617"]
[Annotator "TA"]
[PlyCount "93"]
[EventDate "2024.05.13"]
[EventType "swiss"]
[EventCountry "UAE"]
[SourceTitle "playchess.com"]
[Source "ChessBase"]
[SourceQuality "1"]
[TimeControl "5400+30"]

1. e4 e5 2. Nf3 Nc6 3. Bb5 Nge7 4. O-O Ng6 5. d4 exd4 6. Nxd4 Bc5 7. Be3 Bxd4 8. Bxd4 Qg5 9. Bxc6 {[%emt 0:00:30] White has an edge.} dxc6 10. f4 Nxf4 11. Qd2 Ne6 {aiming for ...Qxd2.} 12. Qxg5 Nxg5 13. Bxg7 {[%emt 0:00:30] Black is weak on the dark squares} Rg8 14. Bf6 h5 (14... Nxe4 $2 15. Re1 $18) 15. Nd2 Be6 16. Rae1 b6 17. Re3 {[%emt 0:00:30] Strongly threatening Rg3.} Rg6 18. Rd3 (18. Rf5 $5 Nh7 19. Bh4 $16 (19. Rxh5 $2 Nxf6 20. Rh8+ Rg8 $19)) 18... c5 19. b3 Rc8 20. c4 Nh7 21. Bh4 Ng5 22. e5 Bg4 23. Rf2 {[%emt 0:00:30] Inhibits Be2.} Be6 24. Kh1 a6 25. a4 ({White should play} 25. h3 $1 $16) 25... Rb8 ({Black should try} 25... Bd7 $1 $14) 26. h3 $1 $16 Ra8 27. Rf1 (27. Kh2 $18) 27... Rb8 28. Kh2 {[%emt 0:00:30] White is more active.} Ra8 (28... b5 $16) 29. Rf4 Rb8 (29... Rd8 $2 30. Rxd8+ Kxd8 31. Ne4 $18) 30. Rf2 Ra8 31. Rf4 Rb8 $1 (31... Rd8 $2 32. Rxd8+ Kxd8 33. Ne4 $18) 32. Kh1 Ra8 {[%emt 0:00:30] [#]} (32... b5 $16 {was necessary.} 33. cxb5 axb5) 33. Nf1 $1 $18 Bd7 34. Ng3 Bc6 35. Kh2 b5 36. Rf5 Ne6 (36... bxc4 $16 37. bxc4 Ne6 38. Rxh5 Nd4) 37. Rxh5 Rg8 38. Rh6 bxc4 39. bxc4 {[%emt 0:00:30] Threatens to win with Rd2.} Rb8 $2 {[%emt 0:00:30] [#]} (39... Kf8 40. Rd2 Rg6 41. Rh8+ Rg8) 40. Rd2 $1 Rb1 (40... Rb4 $142 41. Nh5 Kf8) 41. Nh5 Kf8 42. Rf2 Rf1 43. Rb2 {[%emt 0:00:30] Rb8+ would now be deadly.} (43. Rxf1 Rxg2+ (43... Bxg2 $2 44. Rxe6 $18) 44. Kh1 Rg6+ 45. Kh2 Rg2+ (45... Rxh6 46. Nf4 $15) 46. Kh1 Rg6+ 47. Kh2 Rg2+ $11 (47... Rxh6 48. Nf4 $17)) (43. Rxe6 $2 Rxf2 44. Be7+ (44. Rxc6 $2 Rfxg2+ 45. Kh1 Rg1+ 46. Kh2 R8g2#) 44... Ke8 45. Nf6+ Rxf6 46. Rxf6 Rxg2+ (46... Bxa4 47. Rxa6 Kxe7 48. Rxa4 $16) 47. Kh1 Rg6+ (47... Bxa4 $2 48. Kxg2 Kxe7 49. Kg3 $18) 48. Rxc6 Rxc6 $19) 43... Rb1 44. Rf2 $40 {[%emt 0:00:30][%mdl 128] Black needs to defend precisely.} (44. Rxb1 Rxg2+ (44... Bxa4 45. Rb8+ Be8 46. Nf6 Ke7 47. Nxg8+ Kd7 48. Nf6+ Kc6 49. Rxe8) 45. Kh1 Rg7+ 46. Kh2 Rg2+ 47. Kh1 Rg6+ 48. Kh2 Rg2+ $11 (48... Rxh6 49. Rb8+ Be8 50. Nf6 $14)) 44... Rf1 $1 {[%emt 0:00:30] ...Rxf2 is the strong threat.} 45. Rhf6 ({Inferior is} 45. Rxf1 Rxg2+ (45... Bxg2 46. Rxe6 Rh8 47. Be7+ Kg8 48. Rg1 Rxh5 49. Rxg2+ Kh7 50. Rf6) 46. Kh1 Rg6+ 47. Kh2 Rxh6 $15) (45. Rxe6 $2 Rxf2 46. Be7+ (46. Rxc6 $2 {leads to mate.} Rfxg2+ 47. Kh1 Rg1+ 48. Kh2 R8g2#) 46... Ke8 47. Nf6+ Rxf6 48. Rxf6 Rxg2+ (48... Bxa4 49. Rxa6 Kxe7 50. Rxa4 $11) 49. Kh1 Rg6+ (49... Bxa4 $2 50. Kxg2 Kxe7 51. Kg3 $18) 50. Rxc6 Rxc6 $19) 45... Rxf2 46. Rxf2 Bxg2 $2 (46... Nd4 47. Bf6 Ke8) 47. Rxg2 {[%emt 0:00:30] Weighted Error Value: White=0.35/Black=0.35.  Mistake:       	White=2     	Black=7      Inaccurate:     	White=4     	Black=4      OK:         	White=14    	Black=8      Best:        	White=3     	Black=4      Strong:       	White=3     	Black=2} 1-0

[Event "7th Sharjah Masters 2024"]
[Site "Sharjah"]
[Date "2024.05.16"]
[Round "3.4"]
[White "Aravindh, Chithambaram VR."]
[Black "Krzyzanowski, Marcin"]
[Result "1-0"]
[ECO "E32"]
[WhiteElo "2671"]
[BlackElo "2526"]
[Annotator "TA"]
[PlyCount "95"]
[EventDate "2024.05.13"]
[EventType "swiss"]
[EventCountry "UAE"]
[SourceTitle "playchess.com"]
[Source "ChessBase"]
[SourceQuality "1"]
[TimeControl "5400+30"]

1. d4 Nf6 2. c4 e6 3. Nc3 Bb4 4. Qc2 O-O 5. e4 d6 6. a3 Bxc3+ 7. bxc3 e5 8. Bd3 Re8 {[%emt 0:02:14] The position is equal.} 9. Ne2 c5 10. d5 Nbd7 11. f3 Nf8 12. Be3 Ng6 13. h4 (13. Kf2 {looks sharper.} Nh4 14. Rhb1 Nh5 15. Qd2) 13... Nh5 {[%emt 0:06:11][%cal Oh5f4] [#]} 14. Qd2 $1 h6 15. Kf2 (15. Bc2 {simplifies} Nf6 16. Kf2 Bd7 17. Rag1) 15... f5 (15... Nf6 $16 {might work better.}) 16. exf5 $18 e4 17. Bxe4 (17. fxe4 Ne5) (17. fxg6 $6 exd3 18. Ng3 (18. Qxd3 Qf6 $18) 18... Nxg3 19. Kxg3 Bf5 $16) 17... Ne5 18. Nf4 Nxc4 19. Qe2 Nxf4 (19... Nxe3 $16 20. Qxe3 Nxf4 21. Qxf4 Qf6) 20. Bxf4 b5 21. g4 Rb8 22. Qc2 (22. a4 $18 {Threatens to win with axb5.} a6 23. axb5 axb5 24. Qc2) 22... Ne5 (22... Rb7 $16 {was worth a try.} 23. g5 Rf8) 23. g5 h5 24. Rab1 a5 25. Rhg1 Kh8 26. Bxe5 dxe5 27. Qe2 {[%emt 0:00:33] aiming for f4.} c4 28. Rg3 Rf8 29. Qc2 Qb6+ 30. Kg2 Qe3 $2 {[%emt 0:01:53] [#]} (30... Qc5 31. g6 Kg8) 31. f4 $1 Qxf4 (31... Qc5 32. fxe5) 32. Rf1 Qxh4 33. Rh1 Qf4 34. Rf1 Qh4 35. Rh1 (35. f6 $142 Rd8 36. f7 (36. Rh1 Qf4 $18)) 35... Qf4 36. Rxh5+ Kg8 37. f6 gxf6 38. gxf6+ Kf7 39. Bg6+ Kxf6 40. Rf3 Rg8 41. Rxf4+ exf4 {[%emt 0:00:02] [#]} 42. Rf5+ Bxf5 43. Qxf5+ Kg7 44. Qf7+ Kh6 45. Qh7+ (45. Qxf4+ Kxg6 46. Qe4+ Kh6+ 47. Kh3 Rbf8 $11) 45... Kg5 46. Qh5+ $2 (46. Bf7 $18 {[%cal Og2f3] White wants to mate with Kf3!} f3+ 47. Kxf3) 46... Kf6 $14 47. Qf5+ $2 (47. Kf3 $14 Rxg6 48. Qh4+ (48. Kxf4 Re8 $14) 48... Kf7 49. Qh7+ (49. Qxf4+ Rf6 $19) (49. Kxf4 Re8 $11) 49... Kf6 50. d6 (50. Kxf4 Rbg8 $16)) 47... Kg7 48. Kf3 {[%emt 0:00:24] Weighted Error Value: White=0.55/Black=0.64.  Mistake:       	White=1     	Black=4      Inaccurate:     	---       	Black=8      OK:         	White=10    	Black=4      Best:        	White=2     	Black=4      Strong:       	White=1     	---        Brilliant:      	White=1     	---} 1-0

[Event "7th Sharjah Masters 2024"]
[Site "Sharjah"]
[Date "2024.05.16"]
[Round "3.5"]
[White "Puranik, Abhimanyu"]
[Black "Maghsoodloo, Parham"]
[Result "1-0"]
[ECO "B90"]
[WhiteElo "2631"]
[BlackElo "2733"]
[Annotator "TA"]
[PlyCount "119"]
[EventDate "2024.05.13"]
[EventType "swiss"]
[EventCountry "UAE"]
[SourceTitle "playchess.com"]
[Source "ChessBase"]
[SourceQuality "1"]
[TimeControl "5400+30"]

1. e4 c5 2. Nf3 d6 3. d4 cxd4 4. Nxd4 Nf6 5. Nc3 a6 6. Be3 e5 7. Nb3 Be7 8. f3 Be6 9. Qd2 h5 10. Nd5 Nxd5 11. exd5 Bf5 12. Be2 a5 13. a4 Nd7 14. O-O O-O 15. f4 exf4 16. Bxf4 Bg6 17. Bb5 Nf6 18. Rae1 Ne4 19. Qe2 Bh4 20. g3 Bf6 21. Qg2 Qb6+ 22. Kh1 Rae8 23. Be3 Qc7 24. Bxe8 Rxe8 25. Bd4 Bxd4 26. Nxd4 Qc4 27. c3 Re5 28. Kg1 Qxa4 29. Ra1 Qd7 (29... Qe8 $11) 30. Rxa5 $14 Ng5 31. h4 Be4 32. Ra8+ (32. Qe2 $1 $16 Bg6 33. Qd2) 32... Kh7 $14 33. Qe2 Bg6 $1 34. Qd2 Ne4 35. Qg2 Qc7 36. Rf4 Qc5 37. Kh2 Nf6 38. Nf3 $1 Nxd5 39. Nxe5 dxe5 40. Rfa4 b5 41. Rd8 Nf6 ({Better is} 41... bxa4 $14 42. Rxd5 Qe3) 42. Rb4 $1 $16 Qe3 (42... Ng4+ $16 {was necessary.} 43. Rxg4 hxg4) 43. Rd2 $1 $18 (43. Rxb5 $2 Ng4+ 44. Kh3 Be4 $19) 43... e4 (43... Ng4+ $142 44. Rxg4 hxg4) 44. Qe2 $18 (44. Rxb5 Ng4+ 45. Kh3 f5 $11) 44... Qa7 45. Rdd4 (45. Qxb5 Ng4+ 46. Kg2 Ne3+ 47. Kf2 Ng4+ 48. Kg2 Ne3+ 49. Kg1 Qa1+ 50. Kf2 Ng4+ 51. Kg2 Ne3+ 52. Kf2 Ng4+ 53. Kg2 Ne3+ 54. Kf2 $11) 45... Ng4+ 46. Kg2 f5 47. Rxb5 (47. Qxb5 Qa1 48. Qe2 Bf7 $18) 47... Qa6 48. Rd8 (48. Rxe4 $2 Qc6 $19) 48... Bf7 49. Rh8+ Kg6 {[%emt 0:00:02] [#]} 50. Qd2 $2 (50. Rxh5 Bc4 51. Rg5+ (51. Qxc4 $2 Ne3+ 52. Kf2 Nxc4 $19) 51... Kh7 52. Rh5+ (52. Qxc4 $2 Ne3+ 53. Kh1 Nxc4 $19) (52. Ra5 $2 Bxe2 53. Rxa6 Bxa6 $19) 52... Kg6 53. Rg5+ (53. Qxc4 $2 Ne3+ 54. Kh3 Nxc4 $19) 53... Kh7 54. Rh5+ (54. Qxc4 $2 Ne3+ 55. Kf2 Nxc4 $19) (54. Ra5 $2 Bxe2 55. Rxa6 Bxa6 $19) 54... Kg6 $11) (50. Rhb8 $1 $18 Kh7 51. Qd2) 50... e3 $1 $11 51. Qd3 Qc6+ 52. Kg1 Qf3 (52... Be6 $1 $11 53. Rxh5 Qf3 (53... Kxh5 $2 54. Rxf5+ Kh6 55. Rf8 $18) 54. Rg5+ Kh6 55. Rxg4 Qf2+ (55... fxg4 56. Rh5+ Kxh5 57. Qh7#) 56. Kh1 e2 57. Qd2+ f4) 53. Rb6+ $1 $16 Nf6 {[%emt 0:00:06] [#]} 54. Qf1 $1 ({Not} 54. Rxf6+ $2 gxf6 55. Qf1 (55. Kh2 Bd5) 55... Qxg3+ 56. Qg2 f4 (56... Qxg2+ 57. Kxg2 Bd5+ 58. Kg3 $11) 57. Qxg3+ fxg3 $19) 54... Qe4 $2 (54... Qxg3+ $16 55. Qg2 Qg4) 55. Qf4 $18 Qb1+ {[%emt 0:00:04] [#]} 56. Kh2 $1 Bd5 57. Qg5+ (57. Qxe3 $2 Qh1#) 57... Kf7 58. Rxf6+ $1 (58. Qxe3 $2 Qh1#) 58... gxf6 59. Qg8+ (59. Qxe3 $2 Qh1#) 59... Ke7 60. Qxd5 1-0

[Event "7th Sharjah Masters 2024"]
[Site "Sharjah"]
[Date "2024.05.16"]
[Round "3.6"]
[White "Yu, Yangyi"]
[Black "Maurizzi, Marc`Andria"]
[Result "1/2-1/2"]
[ECO "D34"]
[WhiteElo "2729"]
[BlackElo "2618"]
[Annotator "TA"]
[PlyCount "135"]
[EventDate "2024.05.13"]
[EventType "swiss"]
[EventCountry "UAE"]
[SourceTitle "playchess.com"]
[Source "ChessBase"]
[SourceQuality "1"]
[TimeControl "5400+30"]

1. c4 e6 2. g3 d5 3. Bg2 Nf6 4. Nf3 Be7 5. O-O O-O 6. cxd5 exd5 7. b3 c5 8. d4 Nc6 9. Nc3 Ne4 10. Bb2 Bf6 11. Na4 Re8 12. Rc1 cxd4 13. Nxd4 Nxd4 14. Bxd4 Bf5 15. e3 Qe7 {[%emt 0:08:19] White is slightly better.} 16. Nc5 b6 17. Nxe4 dxe4 {[%emt 0:02:48] The position is equal.} 18. Bxf6 Qxf6 19. Rc7 Qe5 20. Qc2 Rac8 21. Rc1 {[%emt 0:00:17][%cal Rc7c8] [#] aiming for Rxc8.} h5 22. Bf1 Red8 23. Rxc8 Rxc8 24. Qd2 {[%emt 0:00:03] Hoping for Rxc8+.} Rxc1 25. Qxc1 $11 {[%emt 0:00:10][%mdl 4096] Endgame. KQB-KQB} g6 26. h4 Kg7 27. b4 Bg4 28. a3 Bd7 29. Be2 Be6 30. Kf1 Bh3+ 31. Ke1 Be6 32. Bd1 Kh7 33. Be2 Kg7 34. Kf1 Bh3+ 35. Kg1 Be6 36. Kg2 Bd7 37. Qd2 Be6 (37... Bb5 {simplifies} 38. Bxb5 Qxb5 39. Qd4+ Kf8) 38. a4 Qa1 39. a5 (39. Qd4+ {simplifies} Qxd4 40. exd4 Kf6 41. Kf1) 39... Bh3+ 40. Kh2 $1 Be6 41. Bb5 Kh7 42. Bd7 Bxd7 43. Qxd7 {[%emt 0:00:02] KQ-KQ} Qf6 44. Kg1 bxa5 45. bxa5 a6 46. Qb7 Qe6 47. Qb6 Qc4 48. Qf6 Kg8 49. Kg2 Qb5 50. Qb6 {[%emt 0:01:56] [#] Qxb5 would kill now.} Qc4 51. Qb8+ Kh7 52. Qe5 Kg8 53. Qg5 Kh7 54. Qf4 Kg8 55. g4 hxg4 56. Qxg4 Qb5 57. Qg5 {[%emt 0:00:26] White threatens Qxb5 and mate.} Qe2 58. Qd8+ Kh7 59. Qd7 Qf3+ 60. Kg1 Kg7 61. Qd4+ Kg8 62. Qd6 Qf5 63. Qd8+ Kg7 64. Kf1 Qh3+ 65. Ke1 Qh1+ 66. Ke2 Qf3+ 67. Ke1 Qh1+ 68. Ke2 {[%emt 0:00:22] Weighted Error Value: White=0.04 (flawless) /Black=0.02 (flawless) .  Inaccurate:     	White=1     	---        OK:         	White=19    	Black=27     Strong:       	White=1     	---} 1/2-1/2

[Event "7th Sharjah Masters 2024"]
[Site "Sharjah"]
[Date "2024.05.16"]
[Round "3.7"]
[White "Yuffa, Daniil"]
[Black "Sarana, Alexey"]
[Result "1/2-1/2"]
[ECO "A09"]
[WhiteElo "2617"]
[BlackElo "2706"]
[Annotator "TA"]
[PlyCount "71"]
[EventDate "2024.05.13"]
[EventType "swiss"]
[EventCountry "UAE"]
[SourceTitle "playchess.com"]
[Source "ChessBase"]
[SourceQuality "1"]
[TimeControl "5400+30"]

1. Nf3 d5 2. c4 d4 3. b4 c5 4. b5 Qc7 5. g3 e5 6. d3 Nf6 7. Bg2 Bd6 8. O-O {[%emt 0:00:30][%cal Bh1f1,Bf1e1,Be1e5][%mdl 32] The position is equal.} Nbd7 9. a4 Nf8 10. e3 Ne6 11. a5 Rb8 12. exd4 cxd4 13. Re1 O-O {[%emt 0:00:30] [#]} 14. b6 $1 axb6 15. Na3 Bd7 ({Much weaker is} 15... bxa5 16. Nb5 Qe7 17. Nxd6 (17. Rxa5 Bb4 $14) 17... Qxd6 18. Ba3 $14 (18. Rxe5 b6 $14) (18. Rxa5 e4 $16) (18. Nxe5 Qc7 $14)) 16. axb6 Qxb6 17. Nxe5 Bxe5 18. Rxe5 Bc6 19. Bh3 Nd7 20. Re1 Ndc5 21. Nc2 Ra8 {[%emt 0:00:30] White must now prevent ...Rxa1.} 22. Ba3 {[%emt 0:00:30] Bxe6 would now be deadly.} Ng5 {[%emt 0:00:30] Excellent horsemanship.} 23. Bg2 {[%emt 0:00:30] Inhibits Nf3+.} Bxg2 24. Kxg2 Qc6+ 25. f3 Qd6 (25... Nge6 $11) 26. Bxc5 $14 Qxc5 27. Rb1 {[%emt 0:00:30][%cal Ob1b5] Hoping for Rb5!} Qc8 28. Rb5 ({Of course not} 28. Nxd4 Rd8 29. f4 Rxd4 $11) 28... Ne6 29. Nb4 Re8 (29... Ra3 $14) 30. Qd2 h6 31. Rbe5 {[%emt 0:00:30] White has more active pieces.} (31. Nd5 {keeps more tension.} Qc6 32. Re4 Ra1 33. f4) 31... Qd7 32. f4 Nc7 33. Rxe8+ Rxe8 34. Rxe8+ Qxe8 35. Qf2 Qa4 {[%emt 0:00:30] [#]} 36. Qxd4 $1 {[%emt 0:00:30] Weighted Error Value: White=0.07 (flawless) /Black=0.10 (very precise) .  Mistake:       	---       	Black=2      Inaccurate:     	White=3     	Black=4      OK:         	White=9     	Black=15     Best:        	White=2     	---} 1/2-1/2

[Event "7th Sharjah Masters 2024"]
[Site "Sharjah"]
[Date "2024.05.16"]
[Round "3.8"]
[White "Sindarov, Javokhir"]
[Black "Petrosyan, Manuel"]
[Result "1/2-1/2"]
[ECO "C54"]
[WhiteElo "2684"]
[BlackElo "2618"]
[Annotator "TA"]
[PlyCount "94"]
[EventDate "2024.05.13"]
[EventType "swiss"]
[EventCountry "UAE"]
[SourceTitle "playchess.com"]
[Source "ChessBase"]
[SourceQuality "1"]
[TimeControl "5400+30"]

1. e4 e5 2. Nf3 Nc6 3. Bc4 Bc5 4. O-O Nf6 5. d3 O-O 6. c3 d6 7. Re1 a5 {[%emt 0:00:30] now supersedes 7...a6. C54: Giuoco Piano: 4 c3 Nf6, main lines with 5 d4 and 5 d3.} 8. Bg5 h6 9. Bh4 Ba7 10. Na3 g5 11. Bg3 g4 12. Bh4 Kg7 13. Nc2 Ne7 (13... gxf3 14. Qxf3 $11) 14. Bxf6+ Kxf6 15. Nh4 Kg7 16. Ne3 h5 $146 ({Predecessor:} 16... Bxe3 17. fxe3 h5 18. d4 Ng8 19. g3 Nf6 20. Qc2 Nh7 21. Rad1 Qe7 22. Bf1 Ng5 {0-1 Dirgantara,D (1940)-Akram,F (2364) Afroasian-ch23 prel-B email 2021}) 17. d4 f5 $1 18. Nhxf5+ Nxf5 19. exf5 Bxf5 20. Nxf5+ Rxf5 21. Qb3 Bb6 22. Bd3 Rf7 23. Re2 a4 24. Qd5 c6 25. Qe4 Qg5 26. dxe5 dxe5 27. Kh1 Raf8 28. Rf1 h4 29. f4 (29. Qb4 $14 {was preferrable.} Bd8 (29... Rxf2 30. Rexf2 Bxf2 31. Qxb7+ Rf7 32. Qxc6 $16) (29... Bxf2 30. Re4 $14) 30. Qxa4) 29... Rf5 $11 (29... exf4 30. Qh7+ Kf6 31. Rxf4+ Qxf4 32. Qg6#) 30. Rd2 (30. fxg5 $2 Rxf1#) (30. Qb4 $2 Rxf4 31. Rxf4 Rxf4 $19) (30. Ree1 $11 {remains equal.} exf4 (30... Rxf4 $2 31. Qh7+ Kf6 32. Rxf4+ Qxf4 33. Qxb7 $18) 31. Qb4) 30... exf4 $17 (30... Rxf4 31. Qh7+ Kf6 32. Rdd1 $16) 31. Rdd1 R8f7 32. h3 f3 (32... gxh3 $17 {[%cal Of4f3] ( -> ...f3!)} 33. gxh3 Kh6 (33... f3 34. Rg1 $16)) 33. hxg4 $11 fxg2+ 34. Kxg2 h3+ 35. Kh1 $1 (35. Kxh3 {is a self mate.} Qh6+ 36. Kg3 Bc7+) 35... Rxf1+ 36. Rxf1 Rxf1+ 37. Bxf1 Qc5 38. Qd4+ $1 Qxd4 39. cxd4 Bxd4 40. b3 $1 Kf6 41. bxa4 c5 42. a5 Kg5 43. a6 bxa6 (43... Kxg4 $2 {is the wrong capture.} 44. a7 $18 (44. axb7 Be5 $11)) 44. Bxa6 Kxg4 45. a4 Kg3 46. Bc4 Bc3 47. Be6 Kf4 1/2-1/2